 Dungeon Crawl Stone Soup version 0.22.1-1-ga44c0e5 (webtiles) character file.

71311 Heatsaber the Grappler (level 14, -10/128 HPs)
             Began as a Troll Monk on Sept 30, 2018.
             Was a High Priest of Hepliaklqana.
             Mangled by a phantasmal warrior (27 damage)
             ... led by a death knight
             ... on level 13 of the Dungeon on Oct 5, 2018.
             The game lasted 03:41:24 (20886 turns).

Heatsaber the Grappler (Troll Monk)                Turns: 20886, Time: 03:41:25

Health: -10/128    AC: 11    Str: 29    XL:     14   Next: 97%
Magic:  15/16      EV: 13    Int:  6    God:    Hepliaklqana [*****.]
Gold:   1329       SH: 12    Dex: 14    Spells: 10/13 levels left

rFire    . . .     SeeInvis +     - Unarmed
rCold    . . .     Gourm    +   m - +0 shield
rNeg     . . .     Faith    +   d - +0 swamp dragon scales
rPois    +         Spirit   .   (helmet restricted)
rElec    .         Reflect  .   I - +0 cloak
rCorr    .         Harm     .   (gloves unavailable)
MR       .....                  (boots unavailable)
Stlth    +.........             P - amulet of faith
HPRegen  0.71/turn              W - +5 ring of strength
MPRegen  0.15/turn              J - ring of see invisible

@: vulnerable, very slightly contaminated
A: large, unfitting armour, reduced essence, claws 3, fast metabolism 3,
gourmand, regeneration 1, shaggy fur 1, tough skin 2
a: Recall Ancestor, Ancestor Identity, Transference, Idealise, Renounce Religion


You were on level 13 of the Dungeon.
You worshipped Hepliaklqana.
Hepliaklqana was extremely pleased with you.
You were completely stuffed.

You visited 5 branches of the dungeon, and saw 24 of its levels.
You also visited: Sewer and Ice Cave.

You collected 1509 gold pieces.
You spent 180 gold pieces at shops.

Inventory:

Hand Weapons
 a - a +4 blowgun
Missiles
 n - 3 javelins of returning (quivered)
 o - 8 tomahawks
 x - 2 throwing nets
 B - 63 poisoned needles
 D - 8 curare-tipped needles
 K - 5 javelins
 L - 7 javelins of penetration
 R - 7 poisoned tomahawks
Armour
 d - +0 swamp dragon scales (worn)
 m - a +0 shield (worn)
 I - a +0 cloak (worn)
Jewellery
 C - an uncursed ring of poison resistance
 G - an uncursed ring of positive energy
 J - a ring of see invisible (right claw)
 P - an amulet of faith (around neck)
 Q - a +4 ring of intelligence
 W - a +5 ring of strength (left claw)
 Z - an uncursed ring of protection from fire
Wands
 j - a wand of acid (6)
 p - a wand of paralysis (75)
 u - a wand of polymorph (26)
 z - a wand of digging (6)
 F - a wand of clouds (8)
 H - a wand of enslavement (7)
 M - a wand of flame (57)
 X - a wand of iceblast (15)
 Y - a wand of disintegration (15)
Scrolls
 c - 11 scrolls of teleportation
 e - 6 scrolls of remove curse
 f - 4 scrolls of magic mapping
 l - a scroll of blinking
 q - 2 scrolls of immolation
 v - 5 scrolls of enchant armour
 O - a scroll of fear
 V - a scroll of vulnerability
Potions
 g - 2 potions of might
 h - 3 potions of haste
 i - 9 potions of curing
 k - 2 potions of resistance
 r - 7 potions of brilliance
 s - 2 potions of heal wounds
 t - a potion of cancellation
 w - 4 potions of flight
 A - 2 potions of agility
 N - 2 potions of invisibility
 S - 2 potions of mutation
 T - a potion of berserk rage
 U - 6 potions of lignification
Miscellaneous
 E - a box of beasts
Comestibles
 b - 35 rations
 y - a chunk of flesh


   Skills:
 - Level 10.0 Fighting
 - Level 10.0 Throwing
 + Level 7.1 Dodging
 - Level 1.0 Stealth
 - Level 9.0 Shields
 + Level 14.4 Unarmed Combat
 - Level 2.0 Hexes
 - Level 2.0 Necromancy
 - Level 2.0 Translocations
 - Level 5.0 Invocations
 + Level 5.1 Evocations


You had 10 spell levels left.
You knew the following spells:

 Your Spells              Type           Power        Failure   Level  Hunger
a - Animate Skeleton      Necr           N/A          32%         1    ##.....
b - Confusing Touch       Hex            #.....       32%         1    ##.....
c - Apportation           Tloc           #.....       32%         1    ##.....

Your spell library contained the following spells:

 Spells                   Type           Power        Failure   Level  Hunger
 Pain                     Necr           #...         32%         1    ##.....
 Beastly Appendage        Tmut           #.....       58%         1    ##.....
 Summon Butterflies       Summ           #.......     58%         1    ##.....
 Confuse                  Hex            #.......     67%         3    ####...
 Gell's Gravitas          Tloc           #.........   67%         3    ####...
 Lesser Beckoning         Tloc           #.........   67%         3    ####...
 Tukima's Dance           Hex            #.......     67%         3    ####...
 Vampiric Draining        Necr           #.........   67%         3    ####...
 Poisonous Vapours        Pois/Air       #.....       73%         2    ###....
 Sticks to Snakes         Tmut           #.......     73%         2    ###....
 Regeneration             Chrm/Necr      #.........   82%         3    ####...
 Conjure Flame            Conj/Fire      #.......     91%         3    ####...
 Mephitic Cloud           Conj/Pois/Air  #.......     91%         3    ####...
 Spider Form              Tmut/Pois      #.........   91%         3    ####...
 Animate Dead             Necr           N/A          97%         4    #####..
 Ice Form                 Ice/Tmut       #.......     100%        4    #####..
 Petrify                  Tmut/Erth      #.......     100%        4    #####..
 Alistair's Intoxication  Tmut/Pois      #.......     100%        5    ######.
 Blade Hands              Tmut           #.........   100%        5    ######.
 Metabolic Englaciation   Hex/Ice        #.........   100%        5    ######.
 Yara's Violent Unravell  Hex/Tmut       #.........   100%        5    ######.
 Freezing Cloud           Conj/Ice/Air   #.........   100%        6    #######
 Invisibility             Hex            #.......     100%        6    #######
 Ring of Flames           Chrm/Fire      #.........   100%        7    #######


Dungeon Overview and Level Annotations

Branches:
Dungeon (13/15)            Temple (1/1) D:4            Lair (6/6) D:10
  Swamp (3/4) Lair:2        Snake (0/4) Lair:2        Slime (1/5) Lair:6
    Orc (0/2) D:10
 Vaults: D:13-14

Altars:
Ashenzari
Cheibriados
Dithmenos
Elyvilon
Fedhas
Gozag
Hepliaklqana
Kikubaaqudgha
Makhleb
Nemelex Xobeh
Okawaru
Qazlal
Ru
Sif Muna
Trog
Uskayaw
Vehumet
Wu Jian
Xom
Yredelemnul
Zin
The Shining One

Shops:
D:9 =

Annotations:
D:7 Prince Ribbit
Lair:5 exclusion: 4 oklob plants


Innate Abilities, Weirdness & Mutations

You are too large for most types of armour.
You have claws for hands.
Your metabolism is lightning-fast.
You like to eat raw meat.
Your natural rate of healing is unusually fast.
You are covered in fur. (AC +1)
You have very tough skin. (AC +2)
Your life essence is reduced to manifest your ancestor. (-10% HP)


Message History

The phantasmal warrior is almost destroyed.
The wraith barely misses cheerfully.
The phantasmal warrior hits you! The phantasmal warrior hits you!!
Cheerfully casts a spell at the wraith.
The wraith seems to slow down.
The wraith hits cheerfully!
The wraith drains cheerfully's vigour!
Cheerfully seems to slow down.
Unknown command.
You scratch the phantasmal warrior.
The phantasmal warrior is almost destroyed.
The phantasmal warrior hits you!!
* * * LOW HITPOINT WARNING * * *
The phantasmal warrior hits you!!
* * * LOW HITPOINT WARNING * * *
The wraith hits cheerfully!
A centaur warrior zombie comes into view.
Unknown command.
You feel much better.
The wraith barely misses cheerfully.
The phantasmal warrior hits you!!
You die...

#......Z
#....[.#
#......##
#........
#.......#
#.W......
#WR.....#
#@WW.....
###.###>.
#


You could see the friendly cheerfully the hexer, 2 phantasmal warriors, 2
wraiths and a centaur warrior zombie.

Vanquished Creatures
  2 thorn hunters
  Snorg (D:12)
  3 catoblepae (Lair:6)
  7 hydras
  12 death yaks (Lair:6)
  3 two-headed ogres
  A death knight (D:12)
  8 alligators
  Urug (Lair:3)
  The ghost of PeterLawrence the Basher, a novice MiFi of Okawaru (D:8)
  Sonja (Lair:4)
  A spriggan druid (Swamp:2)
  2 shambling mangroves
  3 swamp dragons
  Pikel (D:5)
  An ugly thing (D:12)
  3 manticores
  8 elephants (Lair:6)
  Maurice (D:12)
  Joseph (D:10)
  11 spiny frogs
  A kobold demonologist (D:9)
  6 komodo dragons
  2 polar bears
  2 trolls
  8 tyrant leeches
  3 slime creatures (Swamp:1)
  7 hornets
  4 hippogriffs
  2 bog bodies
  2 dream sheep (Lair:6)
  3 blink frogs (Lair:2)
  A shadow (Swamp:1)
  4 spriggans
  A vampire (D:11)
  27 yaks
  3 wyverns
  11 vampire mosquitoes
  4 basilisks
  3 swamp worms
  3 insubstantial wisps
  2 soldier ants (D:9)
  The ghost of Paps the Caller, an amateur OpSu (D:3)
  6 nagas (Lair:2)
  Duvessa (D:5)
  4 water moccasins
  2 porcupines (Lair:4)
  3 swamp drakes
  3 black bears
  3 sky beasts
  A phantom (D:5)
  7 ice beasts
  8 ogres
  2 necrophages
  9 wolves
  3 crocodiles
  10 centaurs
  4 big kobolds
  6 bullfrogs
  A gnoll sergeant (D:7)
  Dowan (D:5)
  A hexer (Swamp:1)
  3 scorpions
  A water moccasin skeleton (D:8)
  A wyvern skeleton (D:12)
  2 killer bees (D:12)
  11 wights
  4 howler monkeys
  A lava snake (Lair:1)
  5 crimson imps
  3 hounds
  3 bullfrog zombies
  5 orc priests
  2 iguanas
  4 jellies
  6 orc wizards
  4 bullfrog skeletons
  Crazy Yiuf (D:7)
  A hell rat (Lair:5)
  11 worker ants
  2 hound skeletons
  3 worker ant zombies
  4 gnolls
  2 howler monkey skeletons
  12 adders
  6 river rats (Sewer)
  2 shadow imps (D:8)
  2 oozes
  A worm (D:2)
  3 dart slugs
  7 leopard geckos
  30 orcs
  5 ball pythons
  6 giant cockroaches
  9 goblins
  10 hobgoblins
  18 jackals
  23 kobolds
  2 quokkas
  5 bats
  3 frilled lizards
  A jackal skeleton (D:6)
  3 quokka skeletons
  17 rats
  3 fungi
  2 plants
496 creatures vanquished.

Vanquished Creatures (collateral kills)
  3 hydras (Swamp:1)
  A death yak (Lair:6)
  An ugly thing (IceCv)
  2 elephants
  Psyche (D:12)
  A black mamba (Lair:4)
  A spiny frog (Lair:4)
  2 komodo dragons
  A tengu conjurer (D:9)
  A polar bear (Lair:3)
  A bog body (Swamp:2)
  A hornet (Swamp:2)
  A hippogriff (Lair:3)
  4 dream sheep (Lair:6)
  3 spriggans
  9 yaks
  A vampire mosquito (Lair:6)
  2 insubstantial wisps (Swamp:1)
  3 swamp worms
  2 black bears
  An ice beast (D:9)
  3 wolves
  2 ogres
  2 centaurs
  A crocodile (Lair:6)
  2 big kobolds
  2 bullfrogs
  2 killer bees
  A crimson imp (D:5)
  A centaur skeleton (D:6)
  A hound (D:9)
  3 orc wizards
  A hound zombie (D:7)
  An adder (Sewer)
  3 gnolls
  A river rat (Sewer)
  A shadow imp (D:5)
  A dart slug (D:4)
  4 orcs
  A ball python (Sewer)
  A goblin (D:2)
  A hobgoblin (D:8)
  2 jackals
  6 kobolds (Sewer)
  A frilled lizard (D:2)
  A quokka skeleton (D:4)
  4 rats (Sewer)
  A butterfly (D:4)
  5 fungi
  A plant (Lair:3)
  A withered plant (D:8)
99 creatures vanquished.

Vanquished Creatures (others)
  A swamp drake (Lair:6)
  An ice beast (IceCv)
  A howler monkey (D:5)
  An orc wizard (D:5)
  25 hexers
  An adder (D:5)
  A worm (D:5)
  An orc (D:5)
  7 fungi
  8 plants
47 creatures vanquished.

Grand Total: 642 creatures vanquished

Notes
Turn   | Place    | Note
-------+----------+-------------------------------------------
     0 | D:1      | Heatsaber the Troll Monk began the quest for the Orb.
     0 | D:1      | Reached XP level 1. HP: 22/22 MP: 0/0
    39 | D:1      | Reached XP level 2. HP: 29/29 MP: 1/1
   242 | D:1      | Reached XP level 3. HP: 31/36 MP: 2/2
   819 | D:2      | Found a hazy altar of Hepliaklqana.
   869 | D:2      | Reached XP level 4. HP: 37/45 MP: 3/3
   899 | D:2      | Became a worshipper of Hepliaklqana the Forgotten
   899 | D:2      | Reached * piety under Hepliaklqana
   899 | D:2      | Reached ** piety under Hepliaklqana
   900 | D:2      | Remembered your ancestor cheerfully as a hexer
  1176 | D:2      | Found a faded altar of an unknown god.
  1182 | D:2      | Reached skill level 1 in Shields
  1398 | D:3      | Reached skill level 4 in Unarmed Combat
  1398 | D:3      | Reached XP level 5. HP: 44/47 MP: 4/4
  1417 | D:3      | Found a shimmering altar of Xom.
  1514 | D:3      | Found a runed door.
  1514 | D:3      | Noticed Paps's ghost (amateur OpSu)
  1553 | D:3      | Killed Paps's ghost
  1777 | D:3      | Reached XP level 6. HP: 54/54 MP: 5/5
  2245 | D:4      | Found a staircase to the Ecumenical Temple.
  2284 | Temple   | Entered the Ecumenical Temple
  2389 | D:4      | Reached XP level 7. HP: 61/61 MP: 6/6
  2593 | D:5      | Entered Level 5 of the Dungeon
  2593 | D:5      | Reached *** piety under Hepliaklqana
  2644 | D:5      | Noticed Dowan
  2644 | D:5      | Noticed Duvessa
  2659 | D:5      | Killed Duvessa
  2659 | D:5      | Reached skill level 5 in Unarmed Combat
  2663 | D:5      | Killed Dowan
  2706 | D:5      | Noticed Pikel
  2742 | D:5      | Killed Pikel
  2742 | D:5      | Reached XP level 8. HP: 66/71 MP: 7/7
  3004 | D:5      | Reached skill level 5 in Fighting
  3004 | D:5      | Reached skill level 5 in Dodging
  3004 | D:5      | Reached skill level 6 in Unarmed Combat
  3267 | D:5      | Found a burning altar of Makhleb.
  3536 | D:6      | Found a glowing drain.
  3541 | D:6      | Reached **** piety under Hepliaklqana
  3565 | Sewer    | Entered a sewer
  3837 | Sewer    | Reached XP level 9. HP: 77/79 MP: 8/8
  3931 | Sewer    | Got a colourful robe
  3944 | Sewer    | Identified the +4 robe of Xiluexais {rN++ Int+4} (You found
                  | it in a sewer)
  4470 | D:6      | Reached skill level 7 in Unarmed Combat
  5116 | D:7      | Reached skill level 5 in Shields
  5613 | D:7      | Noticed Prince Ribbit
  5822 | D:7      | Found a runed door.
  5826 | D:7      | Noticed Crazy Yiuf
  5833 | D:7      | Killed Crazy Yiuf
  5966 | D:8      | Found a runed door.
  5966 | D:8      | Noticed PeterLawrence's ghost (novice MiFi)
  6096 | D:8      | Killed PeterLawrence's ghost
  6096 | D:8      | Reached skill level 8 in Unarmed Combat
  6096 | D:8      | Reached XP level 10. HP: 31/90 MP: 9/9
  6199 | D:8      | Learned a level 1 spell: Animate Skeleton
  6217 | D:8      | Found a glowing silver altar of Zin.
  6367 | D:8      | Learned a level 1 spell: Confusing Touch
  6435 | D:8      | Found a radiant altar of Vehumet.
  6553 | D:8      | Noticed a two-headed ogre
  6581 | D:8      | Killed a two-headed ogre
  6830 | D:8      | Reached ***** piety under Hepliaklqana
  6884 | D:8      | Found a white marble altar of Elyvilon.
  6980 | D:8      | Found a bloodstained altar of Trog.
  7087 | D:9      | Found a sparkling altar of Nemelex Xobeh.
  7148 | D:9      | Noticed a sixfirhy
  7152 | D:9      | Noticed an orange demon
  7152 | D:9      | Reached skill level 1 in Throwing
  7185 | D:9      | Found an iron altar of Okawaru.
  7368 | D:9      | Reached skill level 9 in Unarmed Combat
  7475 | D:9      | Noticed a two-headed ogre
  7524 | D:9      | Killed a two-headed ogre
  7524 | D:9      | Reached XP level 11. HP: 99/99 MP: 10/10
  7848 | D:9      | Found Huci's Jewellery Emporium.
  7853 | D:9      | Bought an uncursed ring of see invisible for 180 gold
                  | pieces
  8030 | D:10     | Entered Level 10 of the Dungeon
  8110 | D:10     | Found a staircase to the Orcish Mines.
  8126 | D:10     | Found a staircase to the Lair.
  8288 | D:10     | Found a shadowy altar of Dithmenos.
  8721 | D:10     | Noticed Joseph
  8731 | D:10     | Killed Joseph
  8801 | Lair:1   | Entered Level 1 of the Lair of Beasts
  8879 | Lair:1   | Found a radiant altar of Vehumet.
  8921 | Lair:1   | Got a steaming glaive
  9447 | Lair:2   | Found a staircase to the Swamp.
  9469 | Lair:2   | Noticed an eight-headed hydra
  9480 | Lair:2   | Killed a nine-headed hydra
  9480 | Lair:2   | Reached skill level 10 in Unarmed Combat
  9524 | Lair:2   | Found a frozen archway.
  9535 | IceCv    | Entered an ice cave
  9535 | IceCv    | Noticed a white ugly thing
  9582 | IceCv    | Killed a white ugly thing
  9592 | IceCv    | Reached skill level 5 in Throwing
  9594 | IceCv    | Found a transporter.
  9678 | IceCv    | Noticed a white ugly thing
 10173 | Lair:2   | Found a staircase to the Snake Pit.
 10184 | Lair:2   | Reached XP level 12. HP: 109/109 MP: 11/11
 10220 | Lair:2   | Noticed a four-headed hydra
 10227 | Lair:2   | Killed a four-headed hydra
 10623 | Lair:3   | Noticed Urug
 10652 | Lair:3   | Killed Urug
 10688 | Lair:3   | Reached skill level 1 in Necromancy
 11272 | Lair:3   | Noticed a six-headed hydra
 11289 | Lair:3   | Killed a six-headed hydra
 11420 | Lair:4   | Noticed a seven-headed hydra
 11498 | Lair:3   | Killed a seven-headed hydra
 11578 | Lair:4   | Reached skill level 11 in Unarmed Combat
 11603 | Lair:4   | Noticed Sonja
 11606 | Lair:4   | Killed Sonja
 11708 | Lair:4   | Found a shimmering altar of Xom.
 12517 | Lair:5   | Learned a level 1 spell: Apportation
 13544 | Lair:6   | Entered Level 6 of the Lair of Beasts
 13565 | Lair:6   | Reached skill level 1 in Translocations
 13642 | Lair:6   | Reached XP level 13. HP: 74/119 MP: 12/12
 13902 | Lair:6   | Reached skill level 10 in Fighting
 14074 | Lair:6   | Reached skill level 12 in Unarmed Combat
 14283 | Lair:6   | Reached skill level 1 in Evocations
 15792 | Lair:6   | Found a staircase to the Slime Pits.
 15804 | Slime:1  | Entered Level 1 of the Pits of Slime
 15804 | Slime:1  | Noticed an acid blob
 15804 | Slime:1  | Noticed an acid blob
 16233 | Swamp:1  | Entered Level 1 of the Swamp
 16248 | Swamp:1  | Reached skill level 13 in Unarmed Combat
 16264 | Swamp:1  | Noticed a thorn hunter
 16275 | Swamp:1  | Killed a thorn hunter
 16275 | Swamp:1  | Reached XP level 14. HP: 29/128 MP: 15/15
 16863 | Swamp:1  | Reached skill level 10 in Throwing
 16894 | Swamp:1  | Reached skill level 1 in Invocations
 17581 | Swamp:1  | Reached skill level 5 in Evocations
 18279 | Swamp:2  | Reached skill level 1 in Hexes
 18520 | Swamp:2  | Noticed a thorn hunter
 18549 | Swamp:2  | Killed a thorn hunter
 18549 | Swamp:2  | Reached skill level 14 in Unarmed Combat
 19933 | D:12     | Reached skill level 5 in Invocations
 20042 | D:12     | Noticed Snorg
 20055 | D:12     | Killed Snorg
 20327 | D:12     | Noticed Psyche
 20339 | D:12     | Noticed Maurice
 20344 | D:12     | Paralysed by Maurice for 5 turns
 20346 | D:12     | Killed Psyche
 20353 | D:12     | Killed Maurice
 20885 | D:13     | HP: 2/128 [phantasmal warrior[a death knight] (20)]
 20886 | D:13     | Mangled by a phantasmal warrior

Skill      XL: |  1  2  3  4  5  6  7  8  9 10 11 12 13 14 |
---------------+-------------------------------------------+-----
Fighting       | 3 4 5 6 7 8 9 10 | 10.0
Dodging        | 3 4 5 6 7 |  7.1
Shields        | 1 2 3 4 5 6 8 9 |  9.0
Unarmed Combat | 4 5 6 8 9 10 11 13 14 | 14.4
Throwing       | 2 5 7 9 10 | 10.0
Necromancy     | 2 |  2.0
Translocations | 1 2 |  2.0
Evocations     | 3 5 |  5.1
Invocations    | 5 |  5.0
Hexes          | 2 |  2.0
Stealth        | |  1.0

Action                   |  1- 3 |  4- 6 |  7- 9 | 10-12 | 13-15 || total
-------------------------+-------+-------+-------+-------+-------++-------
Melee: Unarmed           |   106 |    87 |   374 |   596 |   683 ||  1846
       Punch             |     1 |     1 |       |       |       ||     2
 Fire: Blowgun           |       |       |    11 |    44 |    26 ||    81
Throw: Javelin           |       |       |     8 |    40 |    13 ||    61
       Tomahawk          |       |       |       |     6 |    15 ||    21
       Throwing net      |       |       |       |     2 |       ||     2
 Cast: Animate Skeleton  |       |       |       |    31 |    44 ||    75
       Apportation       |       |       |       |     5 |       ||     5
       Confusing Touch   |       |       |       |       |    12 ||    12
Invok: Ancestor Life: He |       |     1 |       |       |       ||     1
       Ancestor Identity |       |     1 |       |       |       ||     1
       Recall Ancestor   |       |     1 |     1 |     3 |     8 ||    13
       Idealise          |       |       |     1 |     5 |     3 ||     9
       Transference      |       |       |       |     6 |     8 ||    14
Evoke: Wand              |       |       |     1 |    14 |    39 ||    54
  Use: Scroll            |       |       |    17 |    16 |    12 ||    45
       Potion            |       |       |     1 |     5 |     9 ||    15
 Stab: Sleeping          |     4 |     9 |    11 |    10 |     2 ||    36
       Distracted        |       |     1 |     2 |     3 |     6 ||    12
       Confused          |       |     1 |     2 |     3 |    13 ||    19
       Paralysed         |       |       |       |     1 |    15 ||    16
  Eat: Chunk             |    13 |    15 |    30 |    68 |    71 ||   197
       Ration            |       |       |       |     2 |       ||     2
Armor: Robe              |    40 |    28 |    67 |   118 |    39 ||   292
       Swamp dragon scal |       |       |       |       |    76 ||    76
       Skin              |       |       |       |       |     8 ||     8
Dodge: Dodged            |    73 |    33 |   120 |   285 |   225 ||   736
Block: Shield            |       |       |   150 |   315 |   301 ||   766
